 Dungeon Crawl Stone Soup version 0.30-a0-823-geb93a13fce (webtiles) character file.

Game seed: 7855483830086927226

12184 Newt the Cruncher (level 11, -2/111 HPs)
             Began as a Demonspawn Gladiator on Feb 27, 2023.
             Was the Champion of Jiyva.
             Slain by a water moccasin (8 damage)
             ... on level 3 of the Lair of Beasts.
             The game lasted 00:13:06 (10101 turns).

Newt the Cruncher (Demonspawn Gladiator)           Turns: 10101, Time: 00:13:06

Health: -2/111     AC:  8    Str: 17    XL:     11   Next: 59%
Magic:  11/11      EV:  8    Int: 19    God:    Jiyva [******]
Gold:   265        SH: 11    Dex: 15    Spells: 10/10 levels left

rFire   . . .      SeeInvis .    H - +9 mace of the Evil Eye {drain, Fly rPois}
rCold   . . .      Faith    .    J - +0 tower shield
rNeg    . . .      Spirit   .    G - +0 troll leather armour
rPois   +          Reflect  .    (helmet restricted)
rElec   .          Harm     .    (no cloak)
rCorr   +          Rampage  .    v - +0 pair of gloves
Will    .....                    (no boots)
Stlth   ++                       I - amulet of regeneration
HPRegen 3.58/turn                M - +6 ring of intelligence
MPRegen 0.62/turn                (no ring)

@: flying
A: horns 2, yellow scales 1, demonic guardian 3, clever 1, mutation resistance
1, robust 3, wild magic 3, tendrils, jelly sensing items
a: Renounce Religion, Oozemancy, Slimify


You were on level 3 of the Lair of Beasts.
You worshipped Jiyva.
Jiyva was exalted by your worship.
You visited 2 branches of the dungeon, and saw 13 of its levels.
You also visited: Ossuary.

You collected 472 gold pieces.
You spent 207 gold pieces at shops.

Inventory:

Hand Weapons
 a - a +0 rapier of electrocution
 o - a +3 spectral quarterstaff
 p - the +7 mace of Duna {chaos, Contam rPois Int+3}
   (You found it on level 3 of the Dungeon)

   Int:       It affects your intelligence (+3).
   rPois:     It protects you from poison.
   Contam:    It causes magical contamination when unequipped.
 H - the +9 mace of the Evil Eye (weapon) {drain, Fly rPois}
   (You found it on level 10 of the Dungeon)

   rPois:     It protects you from poison.
   Fly:       It grants you flight.
Missiles
 d - 6 throwing nets (quivered)
 e - 2 javelins
 s - 52 poisoned darts
 F - 5 datura-tipped darts
Armour
 b - a +0 leather armour
 c - a +1 helmet
 v - a +0 pair of gloves (worn)
 G - a +0 troll leather armour (worn)
 J - a +0 tower shield (worn)
Jewellery
 m - an amulet of magic regeneration
 B - an amulet of guardian spirit
 I - an amulet of regeneration (around neck)
 M - a +6 ring of intelligence (left hand)
Wands
 q - a wand of flame (31)
 w - a wand of mindburst (14)
 x - a wand of paralysis (11)
 D - a wand of polymorph (5)
 L - a wand of roots (2)
Scrolls
 k - a scroll of blinking
 n - 3 scrolls of poison
 t - 3 scrolls of enchant armour
 y - 3 scrolls of teleportation
 A - 2 scrolls of fear
Potions
 f - 2 potions of magic
 g - a potion of invisibility
 h - a potion of brilliance
 i - 2 potions of ambrosia
 j - 3 potions of attraction
 l - a potion of curing
 r - a potion of berserk rage
 u - a potion of degeneration
 z - a potion of lignification
 K - a potion of mutation


   Skills:
 - Level 8.0 Fighting
 - Level 2.6 Short Blades
 + Level 6.8(9.3) Maces & Flails
 - Level 10.0(10.8) Staves
 - Level 1.7 Throwing
 - Level 8.0 Armour
 - Level 2.6 Dodging
 - Level 1.5 Stealth
 - Level 6.0 Evocations


You had 10 spell levels left.
You didn't know any spells.
Your spell library contained the following spells:

 Spells                   Type           Power      Damage    Failure   Level
 Freeze                   Ice            0%         1d3       100%        1
 Lesser Beckoning         Tloc           0%         N/A       100%        2
 Frozen Ramparts          Ice            0%         1d1       100%        3
 Gell's Gravitas          Tloc           0%         N/A       100%        3
 Hailstorm                Conj/Ice       0%         3d3       100%        3
 Teleport Other           Tloc           0%         N/A       100%        3
 Tukima's Dance           Hex            0%         N/A       100%        3
 Passage of Golubria      Tloc           0%         N/A       100%        4
 Yara's Violent Unravell  Hex/Tmut       0%         3d3       100%        5


Dungeon Overview and Level Annotations

Branches:
Dungeon (10/15)            Temple (0/1) D:7            Lair (3/5) D:10
  Swamp (0/4) Lair:2       Spider (0/4) Lair:2          Orc (0/2) D:10
Ossuary (visited)

Altars:
Ashenzari
Gozag
Makhleb
Okawaru
Qazlal
Trog
Vehumet
Xom
Yredelemnul
Jiyva

Shops:
D:1 !   D:4 ?   D:6 !   D:9 ?   D:10 [((


Innate Abilities, Weirdness & Mutations

You have a pair of horns on your head.
You are partially covered in yellow scales. (AC +2)
A powerful demonic guardian rushes to your aid.
Your mind is acute. (Int +4, Str/Dex -1)
You are somewhat resistant to further mutation.
You are extremely robust. (+30% HP)
Your spells are much harder to cast, but much more powerful.
You are covered in slimy tendrils that may disarm your opponents.
You have a small jelly attached to you that senses nearby items.


Message History

The black mamba bites you!
You sock the black mamba!
The black mamba is almost dead.
The wolf bites you but does no damage. The wolf bites you.
The wolf bites you but does no damage.
The black mamba bites you but does no damage.
You block the water moccasin's attack. The wolf barely misses you.
You block the wolf's attack. The wolf barely misses you.
The black mamba bites you!
You hit the black mamba. You drain the black mamba.
You kill the black mamba!
The wolf bites you! The wolf bites you but does no damage.
The wolf completely misses you. You block the water moccasin's attack.
The wolf bites you.
* * * LOW HITPOINT WARNING * * *
You block the wolf's attack. x2
The water moccasin bites you but does no damage.
You sock the water moccasin!
The water moccasin is moderately wounded.
The wolf bites you.
* * * LOW HITPOINT WARNING * * *
The wolf bites you.
* * * LOW HITPOINT WARNING * * *
The wolf bites you!
* * * LOW HITPOINT WARNING * * *
The water moccasin closely misses you. You block the wolf's attack.
The wolf bites you!
* * * LOW HITPOINT WARNING * * *
A demonic guardian appears!
You block the wolf's attack. The water moccasin bites you.
* * * LOW HITPOINT WARNING * * *
The wolf barely misses you. The wolf closely misses you.
You closely miss the water moccasin.
The water moccasin is moderately wounded.
The wolf bites you but does no damage. The water moccasin bites you.
* * * LOW HITPOINT WARNING * * *
The wolf closely misses you. x2; The wolf bites you.
* * * LOW HITPOINT WARNING * * *
The water moccasin bites you!
You die...

#.#### #. #..#..
###.##
......####......
................
................
................
......h.........
......h@3.......
......h.S.......
......<.........
.........#P.....
.#.###........##
# ...........
.....P......
..########(.#


You could see a water moccasin (ally target), 3 wolves and a friendly smoke
demon (summoned).

Vanquished Creatures
  2 black mambas
  2 cane toads (Lair:2)
  Psyche (D:8)
  A troll (D:10)
  2 hornets (D:9)
  A jumping spider (Lair:2)
  Sigmund (D:6)
  A wyvern (Lair:2)
  A wraith (Ossuary)
  11 yaks
  2 basilisks (Lair:2)
  2 vampire mosquitoes (D:10)
  A swamp worm (Lair:2)
  3 water moccasins
  An orc warrior (D:10)
  An ice beast (D:8)
  2 black bears
  2 ogres
  3 centaurs
  A phantom (D:7)
  4 kobold brigands
  A necrophage (D:5)
  5 bullfrogs
  7 wights
  A scorpion (D:10)
  19 killer bees
  4 howler monkeys
  3 orc priests
  A gnoll bouda (D:7)
  5 orc wizards
  Robin (D:4)
  10 adders
  15 gnolls
  2 white imps
  5 adder zombies (Ossuary)
  A worm (D:2)
  A dart slug (D:4)
  16 orcs
  2 giant cockroaches
  10 goblins
  9 hobgoblins
  8 jackals
  18 kobolds
  3 quokkas
  3 training dummies (D:10)
  6 ball pythons
  2 ball python skeletons (Ossuary)
  3 bats (D:1)
  2 frilled lizards
  An orc skeleton (Ossuary)
  An orc zombie (Ossuary)
  A quokka zombie (D:7)
  2 rats (D:3)
  A rat zombie (D:7)
214 creatures vanquished.

Vanquished Creatures (collateral kills)
  A fire crab (Lair:2)
  An orc knight (D:10)
  A komodo dragon (D:10)
  A wraith (Ossuary)
  10 yaks
  A water moccasin (D:10)
  3 black bears
  4 bullfrogs
  2 kobold brigands (D:6)
  2 killer bees (D:10)
  An electric eel (D:7)
  2 orc wizards (D:7)
  3 orcs
  A kobold (D:6)
33 creatures vanquished.

Vanquished Creatures (others)
  A centaur (D:8)
  A gnoll sergeant (D:6)
  2 bullfrogs (D:7)
  A scorpion (D:5)
  3 wights (D:9)
  20 jellies
  4 killer bees
  An electric eel (D:7)
  A hound (D:4)
  An orc priest (D:6)
  2 orc wizards
  An adder (D:6)
  A gnoll (D:6)
  2 white imps
  A worm (D:2)
  A dart slug (D:4)
  2 endoplasms
  9 orcs
  A ball python (D:3)
  A bat (D:2)
  3 goblins (D:4)
  3 hobgoblins
  2 jackals (D:5)
  15 kobolds
  A quokka (D:5)
  A frilled lizard (D:3)
  A rat (D:1)
  73 fungi
  95 plants
  8 toadstools (D:6)
  8 withered plants
266 creatures vanquished.

Grand Total: 513 creatures vanquished

Notes
Turn   | Place    | Note
-------+----------+-------------------------------------------
     0 | D:1      | Newt the Demonspawn Gladiator began the quest for the Orb.
     0 | D:1      | Reached XP level 1. HP: 16/16 MP: 1/1
    23 | D:1      | Found a faded altar of an unknown god.
    45 | D:1      | Reached skill level 1 in Stealth
   123 | D:1      | Prayed at the altar of an unknown god.
   123 | D:1      | Became a worshipper of Jiyva Janwulea the Shapeless
   123 | D:1      | Reached * piety under Jiyva
   229 | D:1      | Gained mutation: A weak demonic guardian rushes to your
                  | aid. [demonic ancestry]
   229 | D:1      | Reached XP level 2. HP: 22/22 MP: 2/2
   455 | D:1      | Found Kufryn Didgh's Distillery.
   750 | D:1      | Reached ** piety under Jiyva
   790 | D:2      | Reached XP level 3. HP: 29/29 MP: 3/3
  1368 | D:3      | Gained mutation: You are partially covered in yellow
                  | scales. (AC +2) [demonic ancestry]
  1368 | D:3      | Reached XP level 4. HP: 37/37 MP: 4/4
  1370 | D:3      | Reached *** piety under Jiyva
  1391 | D:3      | Reached skill level 1 in Staves
  1441 | D:3      | Identified the +7 mace of Duna {chaos, Contam rPois Int+3}
  1607 | D:3      | Gained mutation: Armour fits poorly on your pseudopods.
                  | [Jiyva's grace]
  1607 | D:3      | Gained mutation: Armour fits poorly on your large
                  | pseudopods. [Jiyva's grace]
  1607 | D:3      | Gained mutation: Armour fits poorly on your massive
                  | pseudopods. [Jiyva's grace]
  1607 | D:3      | Gained mutation: You have a small jelly attached to you
                  | that senses nearby items. [Jiyva's grace]
  1832 | D:3      | Reached **** piety under Jiyva
  2261 | D:4      | Noticed an ogre
  2267 | D:4      | Killed an ogre
  2268 | D:4      | Reached skill level 3 in Staves
  2268 | D:4      | Gained mutation: A demonic guardian rushes to your aid.
                  | [demonic ancestry]
  2268 | D:4      | Reached XP level 5. HP: 37/42 MP: 5/5
  2353 | D:4      | Noticed Robin
  2362 | D:4      | Killed Robin
  2369 | D:4      | Found a stormy altar of Qazlal.
  2370 | D:4      | Noticed a water elemental
  2376 | D:4      | Noticed an air elemental
  2381 | D:4      | Noticed a fire elemental
  2560 | D:4      | Found Uhumater's Magic Scroll Shop.
  2563 | D:4      | Bought a scroll of identify for 24 gold pieces
  2563 | D:4      | Bought a scroll of identify for 24 gold pieces
  2563 | D:4      | Bought a scroll of identify for 24 gold pieces
  2844 | D:5      | Entered Level 5 of the Dungeon
  2903 | D:5      | Found a broken altar of Ashenzari.
  2907 | D:5      | Saw a vision of the Swamp and the Spider Nest.
  2907 | D:5      | Noticed a culicivora
  2907 | D:5      | Noticed a redback
  2907 | D:5      | Noticed a demonic crawler
  2907 | D:5      | Noticed a redback
  2907 | D:5      | Noticed a redback
  2907 | D:5      | Noticed a redback
  2907 | D:5      | Noticed a redback
  2907 | D:5      | Noticed a culicivora
  2907 | D:5      | Noticed a tarantella
  2907 | D:5      | Noticed a goliath frog
  2907 | D:5      | Noticed a spriggan druid
  2907 | D:5      | Noticed a vampire mosquito
  2907 | D:5      | Noticed a tyrant leech
  2907 | D:5      | Noticed a redback
  2907 | D:5      | Noticed a five-headed hydra
  2908 | D:5      | Noticed a jumping spider
  2908 | D:5      | Noticed a wolf spider
  2908 | D:5      | Noticed a jumping spider
  2908 | D:5      | Noticed a redback
  2908 | D:5      | Noticed an emperor scorpion
  2909 | D:5      | Noticed a culicivora
  2909 | D:5      | Noticed an entropy weaver
  2909 | D:5      | Noticed a four-headed hydra
  2911 | D:5      | Noticed a tarantella
  2921 | D:5      | Reached ***** piety under Jiyva
  2934 | D:5      | Reached skill level 4 in Staves
  2934 | D:5      | Reached XP level 6. HP: 48/48 MP: 6/6
  2961 | D:5      | Reached skill level 5 in Staves
  3202 | D:5      | Found a basalt altar of Yredelemnul.
  3271 | D:5      | Lost mutation: Armour fits poorly on your massive
                  | pseudopods. [Jiyva's grace]
  3271 | D:5      | Lost mutation: You have a small jelly attached to you that
                  | senses nearby items. [Jiyva's grace]
  3271 | D:5      | Gained mutation: Your mind is acute. (Int +4, Str/Dex -1)
                  | [Jiyva's grace]
  3271 | D:5      | Gained mutation: Your mind is very acute. (Int +8, Str/Dex
                  | -2) [Jiyva's grace]
  3271 | D:5      | Gained mutation: You have very sharp teeth. [Jiyva's grace]
  3271 | D:5      | Gained mutation: You have extremely sharp teeth. [Jiyva's
                  | grace]
  3275 | D:5      | Gained mutation: You have a pair of small horns on your
                  | head. [demonic ancestry]
  3275 | D:5      | Reached XP level 7. HP: 52/54 MP: 7/7
  3738 | D:6      | Noticed Sigmund
  3745 | D:6      | Killed Sigmund
  3746 | D:6      | Reached skill level 6 in Staves
  3823 | D:6      | You fall into a shaft and drop 2 floors!
  3887 | D:8      | Noticed Psyche
  3889 | D:8      | Killed Psyche
  3890 | D:8      | Reached XP level 8. HP: 60/60 MP: 8/8
  3942 | D:8      | Reached skill level 5 in Armour
  3958 | D:7      | Found a staircase to the Ecumenical Temple.
  4028 | D:7      | Reached skill level 1 in Evocations
  4112 | D:7      | Found a sand-covered staircase.
  4121 | Ossuary  | Entered an ossuary
  4213 | Ossuary  | Noticed a flying skull
  4220 | Ossuary  | Reached ****** piety under Jiyva
  4226 | Ossuary  | Noticed a flying skull
  4277 | Ossuary  | Reached skill level 5 in Evocations
  4404 | Ossuary  | Noticed a flying skull
  4418 | Ossuary  | Noticed a flying skull
  4432 | Ossuary  | Reached XP level 9. HP: 61/65 MP: 9/9
  4784 | D:6      | Found Sywkiosm's Distillery.
  4787 | D:6      | Bought a potion of curing for 45 gold pieces
  4847 | D:6      | Lost mutation: Armour fits poorly on your large pseudopods.
                  | [Jiyva's grace]
  4847 | D:6      | Gained mutation: Your spells are a little harder to cast,
                  | but a little more powerful. [Jiyva's grace]
  4847 | D:6      | Gained mutation: Your spells are harder to cast, but more
                  | powerful. [Jiyva's grace]
  4847 | D:6      | Gained mutation: Your spells are much harder to cast, but
                  | much more powerful. [Jiyva's grace]
  4847 | D:6      | Gained mutation: You are somewhat resistant to further
                  | mutation. [Jiyva's grace]
  4937 | D:6      | Reached skill level 5 in Fighting
  5118 | D:6      | Found a shimmering altar of Xom.
  5624 | D:7      | Found a bloodstained altar of Trog.
  6405 | D:8      | Found a burning altar of Makhleb.
  6407 | D:8      | Noticed an Executioner
  6409 | D:8      | Noticed an angel
  6574 | D:8      | Found an iron altar of Okawaru.
  7118 | D:4      | Bought a scroll of enchant weapon for 90 gold pieces
  7239 | D:9      | Found an opulent altar of Gozag.
  7246 | D:9      | Reached skill level 7 in Staves
  7254 | D:8      | Gained mutation: A powerful demonic guardian rushes to your
                  | aid. [demonic ancestry]
  7254 | D:8      | Reached XP level 10. HP: 23/80 MP: 2/10
  7471 | D:9      | Reached skill level 8 in Staves
  7730 | D:9      | Reached skill level 9 in Staves
  7829 | D:9      | Found Robit's Magic Scroll Shop.
  7859 | D:9      | Lost mutation: You have extremely sharp teeth. [Jiyva's
                  | grace]
  7859 | D:9      | Lost mutation: You have very sharp teeth. [Jiyva's grace]
  7859 | D:9      | Lost mutation: Your mind is very acute. (Int +8, Str/Dex
                  | -2) [Jiyva's grace]
  7859 | D:9      | Lost mutation: Armour fits poorly on your pseudopods.
                  | [Jiyva's grace]
  7859 | D:9      | Gained mutation: You have a pair of horns on your head.
                  | [Jiyva's grace]
  7859 | D:9      | Gained mutation: You have a pair of large horns on your
                  | head. [Jiyva's grace]
  7859 | D:9      | Gained mutation: You have acidic saliva. [Jiyva's grace]
  7859 | D:9      | Gained mutation: You have a small jelly attached to you
                  | that senses nearby items. [Jiyva's grace]
  7948 | D:9      | Found a radiant altar of Vehumet.
  8230 | D:9      | Identified the +0 flail of Saltpetre {distort, *Rage rPois
                  | Stlth+}
  8280 | D:10     | Entered Level 10 of the Dungeon
  8375 | D:10     | Found Wobesmai's Firing Range.
  8410 | D:10     | Found a staircase to the Lair.
  8426 | D:10     | Noticed an orc knight
  8430 | D:10     | Reached skill level 10 in Staves
  8446 | D:10     | Killed an orc knight
  8453 | D:10     | Mutation became permanent: You have a pair of horns on your
                  | head. [demonic ancestry]
  8453 | D:10     | Gained mutation: You have a pair of large horns on your
                  | head. [demonic ancestry]
  8453 | D:10     | Reached XP level 11. HP: 60/86 MP: 11/11
  8473 | D:10     | Found Ilalock's Weapon Emporium.
  8475 | D:10     | Found a staircase to the Orcish Mines.
  8477 | D:10     | Found Ydghaen's Armour Emporium.
  8498 | D:10     | Identified the +9 mace of the Evil Eye {drain, Fly rPois}
  8524 | D:10     | Reached skill level 1 in Maces & Flails
  8894 | Lair:1   | Entered Level 1 of the Lair of Beasts
  8895 | Lair:1   | You are sucked into a shaft and drop 1 floor!
  9128 | Lair:2   | Identified the +0 spear of the Ancient Olives {heavy,
                  | Fragile Fly Will+}
  9268 | Lair:2   | Lost mutation: You have a pair of large horns on your head.
                  | [Jiyva's grace]
  9268 | Lair:2   | Lost mutation: You have acidic saliva. [Jiyva's grace]
  9268 | Lair:2   | Gained mutation: You are robust. (+10% HP) [Jiyva's grace]
  9268 | Lair:2   | Gained mutation: You are very robust. (+20% HP) [Jiyva's
                  | grace]
  9268 | Lair:2   | Gained mutation: You are extremely robust. (+30% HP)
                  | [Jiyva's grace]
  9268 | Lair:2   | Gained mutation: You are covered in slimy tendrils that may
                  | disarm your opponents. [Jiyva's grace]
  9278 | Lair:2   | Found a hole to the Spider Nest.
  9484 | Lair:2   | Reached skill level 5 in Maces & Flails
  9509 | Lair:2   | Found a staircase to the Swamp.
  9641 | Lair:2   | Noticed a fire crab
  9651 | Lair:2   | Killed a fire crab
 10101 | Lair:3   | Slain by a water moccasin

Illustrated notes

Levels and vault maps discovered:
D:1:      dpeg_arrival_arbitrary_b, layout_basic,
          ebering_ecumenical_altar_petrified, serial_shops, shop_statue
D:2:      layout_loops_ring, nicolae_half_adder
D:3:      layout_basic, grunt_ministairs_12
D:4:      layout_loops_ring, nicolae_qazlal_style_of_elements, serial_shops,
          nicolae_shop_statue_plus, serial_bayou_lagoon_b, uniq_robin
D:5:      layout_basic, yredelemnul_altar_generic, grunt_ashenzari_visionary
          [grunt_ashenzari_visionary_swamp, grunt_ashenzari_visionary_spider],
          elyvilon_altar_4
D:6:      cheibrodos_fertilizer, layout_layer_cave,
          mainiacjoe_overflow_cross_hatched, serial_shops, kennysheep_mini_moat,
          uniq_sigmund
D:7:      statuecave_lemuel, layout_loops_cross, trog_ov_bears_minmay,
          minmay_temple_entry_mist, enter_ossuary_4
D:8:      layout_basic, grunt_temple_overflow_order_and_chaos_2,
          mainiacjoe_overflow_alcove_4, uniq_psyche
D:9:      layout_irregular_city, mainiacjoe_overflow_boulevard,
          lemuel_doored_altar, serial_shops, shop
D:10:     layout_basic, due_lair_maze_entry_diamond, orc_david_3,
          nicolae_shop_firing_range
Lair:1:   layout_cave_pods, grunt_megastairs_4
Lair:2:   layout_cellular_growth, minmay_swamp_entry_worms, spider_nest_entry_a,
          columned_hall_lemuel
Lair:3:   layout_hall_layers, serial_bayou_shore_a, uniq_kirke,
          uniq_prince_ribbit2

Skill      XL: |  1  2  3  4  5  6  7  8  9 10 11 |
---------------+----------------------------------+-----
Stealth        | 1 |  1.5
Fighting       | 3 4 8 |  8.0
Staves         | 3 4 5 6 7 10 | 10.0
Armour         | 4 6 7 8 |  8.0
Evocations     | 5 6 |  6.0
Maces & Flails | 6 |  6.8
Short Blades   | |  2.6
Throwing       | |  1.7
Dodging        | |  2.6

Action                     |  1- 3 |  4- 6 |  7- 9 | 10-12 || total
---------------------------+-------+-------+-------+-------++-------
  Melee: Rapier            |   126 |       |       |       ||   126
         Quarterstaff      |     1 |    59 |   167 |    87 ||   314
         Punch             |     1 |       |       |     1 ||     2
         Pseudopods        |       |     5 |    28 |     8 ||    41
         Bite              |       |     1 |    23 |    15 ||    39
         Headbutt          |       |       |    36 |    40 ||    76
         Mace              |       |       |       |   107 ||   107
  Throw: Javelin           |     1 |     1 |       |       ||     2
         Throwing net      |       |     1 |       |       ||     1
 Invoke: Oozemancy         |       |       |     1 |     1 ||     2
    Use: Scroll            |     2 |     8 |     8 |     4 ||    22
         Potion            |     1 |       |     1 |     1 ||     3
   Stab: Sleeping          |     3 |       |     7 |       ||    10
         Held in net/web   |       |     1 |       |       ||     1
 Armour: Leather armour    |    59 |    19 |    26 |    22 ||   126
         Troll leather arm |       |       |       |    48 ||    48
  Dodge: Dodged            |    97 |    38 |   109 |   122 ||   366
  Block: Tower shield      |       |       |       |    58 ||    58

Table legend: (Time is in decaauts)
 A = Elapsed time spent in this place.
 B = Non-inter-level travel time spent in this place.
 C = Inter-level travel time spent in this place.
 D = Time resting spent in this place.
 E = Time spent auto-exploring this place.
 F = Levels seen in this place.
 G = Mean time per level.
                   A        B        C        D        E       F      G
               +--------+--------+--------+--------+--------+-----+--------+
         Total |  10208 |   9503 |    705 |   1309 |   6649 |  14 |  729.1 |
       Dungeon |   8583 |   7964 |    619 |    967 |   5816 |  10 |  858.3 |
          Lair |   1242 |   1156 |     86 |    210 |    703 |   3 |  414.0 |
       Ossuary |    382 |    382 |      0 |    131 |    130 |   1 |  382.0 |
               +--------+--------+--------+--------+--------+-----+--------+

Top non-repeatable levels by time:
  Lair:2: 1228 daAuts
     D:6: 1180 daAuts
     D:7: 1080 daAuts
     D:8: 1035 daAuts
     D:4: 1009 daAuts
     D:5: 888 daAuts
     D:9: 850 daAuts
     D:1: 763 daAuts
    D:10: 608 daAuts
     D:2: 605 daAuts
     D:3: 561 daAuts
 Ossuary: 382 daAuts
  Lair:3: 12 daAuts
  Lair:1: 0 daAuts
